[Event "ICC tourney 2822 (30 10)"]
[Site "Internet Chess Club"]
[Date "2022.02.12"]
[Round "5"]
[White "Thomas, Mitchell:byumitchell"]
[Black "CAO, DANIEL:danielcao"]
[Result "1-0"]
[ICCResult "Black resigns"]
[WhiteElo "1329"]
[BlackElo "1318"]
[Opening "Sicilian defense"]
[ECO "B30"]
[NIC "SI.31"]
[Time "20:00:29"]
[PlyCount "65"]
[TimeControl "1800+10"]

1. e4 c5 2. Nf3 Nc6 3. b4 d5 4. exd5 Qxd5 5. bxc5 Qxc5 6. Ba3 Qb6 7. Be2 Nf6
8. O-O g6 9. Nc3 Bg7 10. Rb1 Qd8 11. Re1 O-O 12. h3 Bf5 13. Bb5 Re8 14. Bxc6
bxc6 15. Ne5 Qc7 16. f4 Nd5 17. Nxd5 cxd5 18. d3 Rac8 19. Rb2 Qc3 20. Rb3
Qxc2 21. Qf3 Qxa2 22. Reb1 Be6 23. R1b2 Qa1+ 24. Rb1 Qd4+ 25. Kh2 Bxe5 26.
fxe5 Qxe5+ 27. Kh1 Kg7 28. Qf2 Qf6 29. Qg1 Rc3 30. Rxc3 Qxc3 31. Bb2 Rc8 32.
Bxc3+ Rxc3 33. Qd4+ {Black resigns} 1-0

[Event "ICC tourney 2822 (30 10)"]
[Site "Internet Chess Club"]
[Date "2022.02.12"]
[Round "5"]
[White "AYYAPPAN, ANUSHKA:Anushkaa"]
[Black "Sreekumar, Gauri:gsgirl"]
[Result "0-1"]
[ICCResult "White checkmated"]
[WhiteElo "1251"]
[BlackElo "1448"]
[Opening "Sicilian: dragon, classical, Richter variation"]
[ECO "B73"]
[NIC "SI.15"]
[Time "20:00:26"]
[PlyCount "130"]
[TimeControl "1800+10"]

1. e4 c5 2. Nf3 d6 3. d4 cxd4 4. Nxd4 Nf6 5. Nc3 g6 6. Be2 Bg7 7. Be3 O-O 8.
O-O Nc6 9. Qd2 Bd7 10. a3 Rc8 11. f4 Ng4 12. Bxg4 Bxg4 13. h3 Bd7 14. Nxc6
Bxc6 15. Bd4 e5 16. fxe5 dxe5 17. Be3 Qxd2 18. Bxd2 Rfd8 19. Be3 a6 20. Rad1
Bf8 21. Bg5 Bc5+ 22. Kh1 Rd4 23. Bf6 Bxe4 24. Bxe5 Rxd1 25. Rxd1 Bxc2 26.
Rd7 Re8 27. Rd5 Ba7 28. Ra5 Bb6 29. Rd5 Bb3 30. Rd6 Bc7 31. Ne4 Rxe5 32. Rd4
f5 33. Nf6+ Kf7 34. Rd7+ Re7 35. Rxe7+ Kxe7 36. Nxh7 Bf4 37. h4 Bg8 38. Ng5
Bxg5 39. hxg5 Kd6 40. Kg1 Kc5 41. Kf2 Kc4 42. Ke3 Kb3 43. Kd4 Kxb2 44. a4
Ka3 45. a5 Ka4 46. Ke5 Kxa5 47. Kf6 b5 48. Kxg6 b4 49. Kg7 Bd5 50. Kf8 b3
51. g6 b2 52. g7 b1=Q 53. g8=Q Bxg8 54. Kxg8 Qg1 55. Kf7 Qxg2 56. Kf6 f4 57.
Ke5 f3 58. Kd4 f2 59. Kc3 f1=Q 60. Kb3 Qff3+ 61. Kc4 Qgg4+ 62. Kc5 Qff5+ 63.
Kd6 Qgg6+ 64. Ke7 Qff7+ 65. Kd8 Qgg8# {White checkmated} 0-1

[Event "ICC tourney 2822 (30 10)"]
[Site "Internet Chess Club"]
[Date "2022.02.12"]
[Round "5"]
[White "Dungi, Santosh:santoshroopak"]
[Black "THAIN, JACK:jt1819"]
[Result "1-0"]
[ICCResult "Black resigns"]
[WhiteElo "1650"]
[BlackElo "1673"]
[Opening "Caro-Kann: advance variation"]
[ECO "B12"]
[NIC "CK.04"]
[Time "20:00:22"]
[PlyCount "61"]
[TimeControl "1800+10"]

1. e4 c6 2. d4 d5 3. e5 Bf5 4. Nf3 e6 5. c4 dxc4 6. Bxc4 Nd7 7. Nc3 Nb6 8.
Bd3 Bxd3 9. Qxd3 Ne7 10. O-O h6 11. Ne4 Ned5 12. Rd1 Be7 13. a3 O-O 14. b4
a6 15. Bb2 Qc7 16. Rac1 Rad8 17. Qc2 Qb8 18. g3 Qa7 19. Qe2 Rd7 20. Nc5 Bxc5
21. dxc5 Nc8 22. Nd4 Rfd8 23. Kg2 Nce7 24. Qe4 Ng6 25. Re1 Nc7 26. Re2 Nb5
27. Nxe6 Re8 28. Nxg7 Kxg7 29. e6+ Kh7 30. exd7 Rxe4 31. Rxe4 {Black
resigns} 1-0

[Event "ICC tourney 2822 (30 10)"]
[Site "Internet Chess Club"]
[Date "2022.02.12"]
[Round "5"]
[White "Jones, Richard S:weakfish"]
[Black "HANKE, HARVEY:ThinkingPanda"]
[Result "0-1"]
[ICCResult "White resigns"]
[WhiteElo "1437"]
[BlackElo "1551"]
[Opening "Ruy Lopez: Schliemann defense"]
[ECO "C63"]
[NIC "RL.06"]
[Time "20:00:24"]
[PlyCount "114"]
[TimeControl "1800+10"]

1. e4 e5 2. Nf3 Nc6 3. Bb5 f5 4. exf5 e4 5. Qe2 Qe7 6. Bxc6 dxc6 7. Nd4 Nf6
8. Nc3 c5 9. Ne6 Bxe6 10. fxe6 Qxe6 11. d3 O-O-O 12. Bg5 Re8 13. Bxf6 exd3
14. cxd3 gxf6 15. Qxe6+ Rxe6+ 16. Kd2 Bg7 17. Rhe1 Rhe8 18. g3 f5 19. Rxe6
Rxe6 20. Re1 Rxe1 21. Kxe1 c6 22. Kd2 Kd7 23. b3 Kd6 24. Nd1 Bd4 25. Ke2 b5
26. Ne3 Ke5 27. Nc2 a6 28. f4+ Kd5 29. Ne3+ Bxe3 30. Kxe3 h5 31. h3 a5 32.
a3 a4 33. bxa4 b4 34. axb4 cxb4 35. a5 Kc5 36. a6 Kb6 37. d4 Kxa6 38. Kd3
Kb5 39. g4 fxg4 40. hxg4 hxg4 41. f5 g3 42. f6 g2 43. f7 g1=Q 44. f8=Q Qg3+
45. Kd2 Qc3+ 46. Ke2 Qxd4 47. Qb8+ Qb6 48. Qe5+ c5 49. Qe8+ Ka5 50. Qe5 Qb5+
51. Kd2 b3 52. Qa1+ Qa4 53. Qe5 Qd4+ 54. Qxd4 cxd4 55. Kd3 Ka4 56. Kd2 Ka3
57. Kc1 Ka2 {White resigns} 0-1

[Event "ICC tourney 2822 (30 10)"]
[Site "Internet Chess Club"]
[Date "2022.02.12"]
[Round "5"]
[White "Lin, James:MeLikeGame"]
[Black "Wang, Bohan:BohanChess"]
[Result "1-0"]
[ICCResult "Black checkmated"]
[WhiteElo "1392"]
[BlackElo "1252"]
[Opening "Sicilian: closed"]
[ECO "B23"]
[NIC "SI.44"]
[Time "20:00:23"]
[PlyCount "77"]
[TimeControl "1800+10"]

1. e4 c5 2. Nc3 d6 3. f4 Nf6 4. Bc4 g6 5. Nf3 a6 6. a4 Nc6 7. O-O Bg4 8. h3
Bxf3 9. Qxf3 Nd4 10. Qd1 Bg7 11. d3 O-O 12. Ne2 b5 13. axb5 axb5 14. Ba2
Nxe2+ 15. Qxe2 e6 16. f5 exf5 17. exf5 Qe8 18. Qf3 Qe5 19. fxg6 hxg6 20. c3
Qh5 21. Bxf7+ Kh7 22. Qxh5+ Nxh5 23. Rxa8 Rxa8 24. Bg5 b4 25. cxb4 Ng3 26.
Re1 Rf8 27. Be6 Nf1 28. g4 Bd4+ 29. Kh1 Rf2 30. Kg1 Nh2 31. Be3 Rc2 32. Bd5
Be5 33. bxc5 dxc5 34. Bf2 Bxb2 35. g5 Bc1 36. Bg3 Rc3 37. Bxh2 Rxd3 38. Re7+
Kh8 39. Be5# {Black checkmated} 1-0

[Event "ICC tourney 2822 (30 10)"]
[Site "Internet Chess Club"]
[Date "2022.02.12"]
[Round "5"]
[White "ANGEL, BORYS:BArkadia"]
[Black "JACOBS, STEVE:Steviejay"]
[Result "1-0"]
[ICCResult "Black resigns"]
[WhiteElo "1432"]
[BlackElo "1229"]
[Opening "Caro-Kann: Steinitz variation"]
[ECO "B17"]
[NIC "CK.05"]
[Time "20:00:40"]
[PlyCount "137"]
[TimeControl "1800+10"]

1. e4 c6 2. d4 d5 3. Nc3 dxe4 4. Nxe4 Nd7 5. c4 Ngf6 6. Nxf6+ Nxf6 7. Be2 g6
8. Be3 Bg7 9. h3 Qc7 10. Nf3 O-O 11. O-O Rd8 12. Qc1 Bf5 13. Rd1 Rac8 14.
Bd3 Bxd3 15. Rxd3 Nd7 16. Bh6 Nc5 17. Rd1 Ne6 18. Bxg7 Kxg7 19. Qc3 Kg8 20.
Rac1 Nf4 21. Re1 e6 22. Ne5 Re8 23. Re4 Nh5 24. Qf3 f5 25. Rh4 Qg7 26. Rd1
Nf6 27. g4 g5 28. gxf5 gxh4+ 29. Kh2 Kh8 30. Rg1 Qc7 31. fxe6 Rf8 32. Kh1
Rce8 33. Qf5 Qe7 34. Nf7+ Rxf7 35. exf7 Qxf7 36. Rg4 Rf8 37. Qe5 Qe8 38.
Qxe8 Rxe8 39. Rxh4 Re2 40. Kg2 Rxb2 41. Rf4 Kg7 42. Rf5 Rxa2 43. Re5 Kf7 44.
d5 cxd5 45. cxd5 a5 46. d6 a4 47. Re7+ Kf8 48. Rxb7 Rd2 49. Ra7 Rxd6 50.
Rxa4 Kg7 51. Kf3 Rd3+ 52. Kg2 Rd2 53. Kg3 Re2 54. f3 Re3 55. Ra7+ Kg6 56.
Ra6 Kf5 57. Ra5+ Re5 58. Ra4 Nh5+ 59. Kh4 Nf6 60. Kg3 Rd5 61. Rf4+ Ke5 62.
Rh4 Rd4 63. Rxd4 Kxd4 64. Kf4 h5 65. Kg5 Ke3 66. Kxf6 Kxf3 67. Kg5 Kg3 68.
h4 Kh3 69. Kxh5 {Black resigns} 1-0

[Event "ICC tourney 2822 (30 10)"]
[Site "Internet Chess Club"]
[Date "2022.02.12"]
[Round "5"]
[White "GUO, MAX:salamenceg"]
[Black "BRUDNO, STEPHEN:StevChess01"]
[Result "0-1"]
[ICCResult "White forfeits on time"]
[WhiteElo "1140"]
[BlackElo "1400"]
[Opening "Sicilian: O'Kelly variation"]
[ECO "B28"]
[NIC "SI.43"]
[Time "20:00:34"]
[PlyCount "134"]
[TimeControl "1800+10"]

1. e4 c5 2. Nf3 a6 3. d4 cxd4 4. Nxd4 Nf6 5. Nc3 e5 6. Nf5 d5 7. Ng3 d4 8.
Nce2 h5 9. h4 Nc6 10. Bg5 Bb4+ 11. Bd2 Bc5 12. Ng1 Qb6 13. Bc4 Bg4 14. f3
Be6 15. Bd3 Nb4 16. b3 Nc6 17. Nh3 Bxh3 18. Rxh3 g6 19. Bg5 Nd7 20. Kf2 Qc7
21. Kg1 Be7 22. Bd2 Qd8 23. Be1 Bxh4 24. Bc4 Be7 25. c3 Nb6 26. cxd4 Nxc4
27. bxc4 Qxd4+ 28. Qxd4 Nxd4 29. Rd1 h4 30. Bc3 O-O-O 31. Bxd4 exd4 32. Ne2
Bc5 33. Kf1 g5 34. Nc1 f6 35. Nb3 b6 36. a4 a5 37. Ke2 Rd6 38. Kd3 Rhd8 39.
Nxc5 bxc5 40. Rb1 Kc7 41. Rb5 Rc6 42. Rxa5 Rb8 43. Rb5 Ra8 44. a5 Ra7 45.
Rh1 Kd6 46. Ra1 Raa6 47. Rab1 Ke5 48. Rb6 Kf4 49. Rxc6 Rxc6 50. Rb6 Rc8 51.
Rxf6+ Kg3 52. Rf5 Kxg2 53. Rxg5+ Kxf3 54. a6 h3 55. a7 h2 56. Rf5+ Kg2 57.
Rg5+ Kh3 58. Rh5+ Kg3 59. Rg5+ Kh4 60. Rg7 Rh8 61. Rh7+ Rxh7 62. a8=Q h1=Q
63. Qd8+ Kg3 64. Qg5+ Kf2 65. Qd2+ Kg3 66. Qg5+ Kh2 67. Qf4+ Kg1
{White forfeits on time}
0-1

[Event "ICC tourney 2822 (30 10)"]
[Site "Internet Chess Club"]
[Date "2022.02.12"]
[Round "5"]
[White "ORYE, MATTHEW:GrandWizard"]
[Black "JIMENEZ, LUIS A:eltuna"]
[Result "1-0"]
[ICCResult "Black resigns"]
[WhiteElo "1669"]
[BlackElo "1440"]
[Opening "Caro-Kann defense"]
[ECO "B10"]
[NIC "CK.01"]
[Time "20:00:31"]
[PlyCount "133"]
[TimeControl "1800+10"]

1. e4 c6 2. f4 d5 3. e5 Bf5 4. Nf3 e6 5. d4 c5 6. Bb5+ Nd7 7. c3 a6 8. Bxd7+
Qxd7 9. Be3 Qb5 10. Qe2 Qxe2+ 11. Kxe2 Bxb1 12. Raxb1 c4 13. g4 Ne7 14. h4
h5 15. g5 b5 16. b4 cxb3 17. axb3 a5 18. Kd3 Nc6 19. Bd2 g6 20. c4 dxc4+ 21.
bxc4 bxc4+ 22. Kxc4 Bb4 23. Bxb4 Nxb4 24. Nd2 Kd7 25. Ne4 Rhc8+ 26. Nc5+ Ke7
27. Rh3 Nd5 28. Rf3 Rcb8 29. Rb5 Nc7 30. Rxb8 Rxb8 31. Ra3 Rb4+ 32. Kd3 Nd5
33. Ke4 Rb1 34. Rxa5 Re1+ 35. Kf3 Rf1+ 36. Kg3 Rxf4 37. Ra7+ Ke8 38. Nb7
Rg4+ 39. Kf3 Ne7 40. Nd6+ Kf8 41. Ra8+ Kg7 42. Ra7 Kf8 43. Ra8+ Kg7 44. Ne8+
Kh7 45. Nf6+ Kg7 46. Nxg4 hxg4+ 47. Kxg4 Nf5 48. Rd8 Ne3+ 49. Kg3 Nf5+ 50.
Kh3 Ne3 51. Ra8 Nf5 52. Ra4 Kf8 53. Kg4 Ne3+ 54. Kf4 Nf5 55. h5 gxh5 56. d5
h4 57. Kg4 Ne3+ 58. Kxh4 Nxd5 59. g6 Kg7 60. Kg5 fxg6 61. Ra7+ Kf8 62. Kxg6
Ke8 63. Kg7 Ne7 64. Kf6 Nc6 65. Rc7 Nd8 66. Rh7 Nf7 67. Rxf7 {Black resigns}
1-0

[Event "ICC tourney 2822 (30 10)"]
[Site "Internet Chess Club"]
[Date "2022.02.12"]
[Round "5"]
[White "WU, WINSTON:K01-30022609"]
[Black "JAIN, PARINYA:StockAlpha2020"]
[Result "1/2-1/2"]
[ICCResult "Game drawn by repetition"]
[WhiteElo "1441"]
[BlackElo "1288"]
[Opening "Four knights: Scotch, 4...exd4"]
[ECO "C47"]
[NIC "KP.06"]
[Time "20:00:33"]
[PlyCount "203"]
[TimeControl "1800+10"]

1. e4 e5 2. Nf3 Nc6 3. Nc3 Nf6 4. d4 exd4 5. Nxd4 Bc5 6. Nxc6 bxc6 7. Bd3
O-O 8. O-O d5 9. exd5 cxd5 10. Bg5 c6 11. Ne2 Bg4 12. Qd2 Be7 13. Ng3 h6 14.
Bf4 Bd6 15. Bxd6 Qxd6 16. c4 Rad8 17. Qc3 dxc4 18. Bxc4 Qf4 19. h3 Bh5 20.
Nxh5 Nxh5 21. Be2 Nf6 22. Bf3 Rd6 23. Rfd1 Rfd8 24. Rxd6 Rxd6 25. Bxc6 Rd2
26. Bf3 Nd5 27. Qc8+ Kh7 28. Qc5 Nb6 29. Re1 Rxb2 30. Be4+ g6 31. a3 Rd2 32.
Qe3 Qd6 33. Qf3 Kg7 34. Qe3 Qd4 35. Qf3 Ra2 36. Rd1 Rd2 37. Rxd2 Qxd2 38.
Qd3 Qe1+ 39. Kh2 Qxf2 40. Qc3+ Kg8 41. Qc7 Qf6 42. Qb8+ Kg7 43. Qxa7 Qf4+
44. Kh1 Qxe4 45. Qxb6 Qe1+ 46. Kh2 Qe5+ 47. Kh1 Qa1+ 48. Qg1 Qxa3 49. Qd4+
Kh7 50. Qf6 Qb3 51. Kh2 Qe6 52. Qf4 Kg7 53. Qd4+ Qf6 54. Qe3 Qe6 55. Qc3+ f6
56. Qc7+ Qf7 57. Qc3 Qe7 58. Qb3 h5 59. Qc4 g5 60. Qb3 h4 61. Qc2 Qe5+ 62.
Kh1 Qe1+ 63. Kh2 Qg3+ 64. Kh1 Kh6 65. Qc4 Kg6 66. Qg8+ Kf5 67. Qc8+ Ke4 68.
Qc4+ Kf5 69. Qc8+ Kf4 70. Qc7+ Ke3 71. Qc3+ Ke2 72. Qc2+ Ke3 73. Qc3+ Ke2
74. Qc2+ Ke3 75. Qc3+ Ke2 76. Qc2+ Ke3 77. Qc3+ Ke2 78. Qc2+ Ke3 79. Qc3+
Ke4 80. Qc4+ Kf5 81. Qc8+ Kg6 82. Qg8+ Kf5 83. Qc8+ Ke5 84. Qc5+ Ke6 85.
Qc8+ Kf7 86. Qc4+ Kg7 87. Qe6 Qe5 88. Qd7+ Kg6 89. Qd3+ f5 90. Qa6+ Qf6 91.
Qe2 f4 92. Qc2+ Qf5 93. Qc6+ Kh5 94. Qe8+ Qg6 95. Qh8+ Qh6 96. Qe8+ Qg6 97.
Qh8+ Qh6 98. Qe8+ Qg6 99. Qh8+ Qh6 100. Qe8+ Qg6 101. Qh8+ Qh6 102. Qe8+
{Game drawn by repetition}
1/2-1/2